 Dungeon Crawl Stone Soup version 0.30.0-3-ga4e48a9924 (webtiles) character file.

Game seed: 719026458437919285

241 cheesebisquit the Chopper (level 6, 55/55 HPs)
             Began as a Hill Orc Fighter on May 7, 2023.
             Quit the game on level 3 of the Dungeon.
             The game lasted 00:06:59 (2227 turns).

cheesebisquit the Chopper (Hill Orc Fighter)        Turns: 2227, Time: 00:07:00

Health: 55/55      AC: 11    Str: 19    XL:     6   Next: 8%
Magic:  6/6        EV:  7    Int: 10    God:
Gold:   169        SH:  4    Dex: 10    Spells: 5/5 levels left

rFire   . . .        a - +0 war axe
rCold   . . .        c - +0 buckler
rNeg    . . .        f - +0 chain mail
rPois   .            k - +0 helmet
rElec   .            (no cloak)
rCorr   .            m - +0 pair of gloves
SInv    .            (no boots)
Will    .....        n - amulet of regeneration Stlth
                     (no ring)
HPRegen 1.09/turn    (no ring)
MPRegen 0.10/turn

%: no passive effects
@: no status effects
A: no striking features
a: no special abilities


You were on level 3 of the Dungeon.
You visited 1 branch of the dungeon, and saw 3 of its levels.
You also visited: Sewer.

You collected 169 gold pieces.

Inventory:

Hand Weapons
 a - a +0 war axe (weapon)
Missiles
 x - 2 boomerangs (quivered)
Armour
 c - a +0 buckler (worn)
 f - a +0 chain mail (worn)
 k - a +0 helmet (worn)
 m - a +0 pair of gloves (worn)
 p - a +1 robe of the Archmagi
 r - a +0 troll leather armour {Pargi}
 y - the +0 robe of Qazlal's Felicitations {rPois Int+3}
   (You found it on level 3 of the Dungeon)

   Int:       It affects your intelligence (+3).
   rPois:     It protects you from poison.
Jewellery
 n - an amulet of regeneration (around neck)
Scrolls
 h - 2 scrolls of enchant armour {unknown}
 i - 3 scrolls of magic mapping
 l - a scroll of torment {unknown}
 o - 2 scrolls of identify {unknown}
 t - a scroll of enchant weapon {unknown}
 v - a scroll of teleportation {unknown}
 z - a scroll of immolation {unknown}
Potions
 b - a potion of curing {unknown}
 d - 3 potions of might
 e - 3 potions of heal wounds {unknown}
 g - a potion of invisibility {unknown}
 j - a potion of mutation {unknown}
 q - a potion of attraction {unknown}
 s - a potion of haste {unknown}
 u - 2 potions of cancellation {unknown}
 w - a potion of degeneration {unknown}


   Skills:
 + Level 4.8 Fighting
 * Level 5.6 Axes
 + Level 4.3 Armour
 + Level 4.3 Shields


You had 5 spell levels left.
You didn't know any spells.
Your spell library contained the following spells:

 Spells                   Type           Power      Damage    Failure   Level
 Summon Forest            Summ/Tloc      0%         N/A       100%        5
 Summon Mana Viper        Hex/Summ       0%         N/A       100%        5
 Summon Cactus Giant      Summ           0%         N/A       100%        6


Dungeon Overview and Level Annotations

Branches:
Dungeon (3/15)              Sewer (visited)

Altars:
Xom


Message History

You kill the ball python!
No target in view!
No target in view!
No target in view!
No target in view!
No target in view!
No target in view!
You see here a ball python corpse.
An orc comes into view. It is wielding a +0 hand axe.
You hit the orc but do no damage. The orc hits you but does no damage.
The orc hits you with a +0 hand axe.
You hit the orc.
The orc is lightly wounded.
The orc hits you but does no damage.
You closely miss the orc.
The orc is lightly wounded.
The orc hits you with a +0 hand axe.
You barely miss the orc.
The orc is lightly wounded.
The orc hits you but does no damage.
You slash the orc!
You kill the orc!
No target in view!
No target in view!
No target in view!
Things that are here:
a +0 hand axe; a +0 scale mail; an orc corpse
Things that are here:
a +0 hand axe; a +0 scale mail; an orc corpse You see here a +0 leather armour.
You see here a +0 leather armour.
You see here a ball python corpse.
Things that are here:
a +0 dagger; a +4 dagger of protection
There is a stone staircase leading up here.
Things that are here:
4 stones; a +0 dagger Done exploring.
Done exploring.
Are you sure you want to abandon this character and quit the game? (Confirm with "yes".)

#.......# ##.###.#...##..##
#.....### #..##..#.###..##
######..)## #.###..#.....##
....[...## #.# #.....#####
#######.# ##.###.#####...# #.#
#...)..........# #.#
######.<####........# #.#
#....#..####.#.#..###
#.###.....@...........#
#.##........###..##...###
#...........# #.#.......#
##.##.......## #.#.......###
######...###...#.# ##............
..........##...#.###...#....###.#
######...####.##............# #.#
##.## #.######...#.#.## #.# ###
#.# #........#.# #.#


There were no monsters in sight!

Vanquished Creatures
  Pargi (Sewer)
  2 river rats (D:3)
  5 adders
  2 worms
  A dart slug (D:2)
  An orc (D:3)
  6 bats
  5 endoplasms
  4 giant cockroaches
  6 goblins
  2 hobgoblins (D:1)
  6 jackals
  6 kobolds
  2 quokkas
  6 ball pythons
  9 frilled lizards
  12 rats
76 creatures vanquished.

Notes
Turn   | Place    | Note
-------+----------+-------------------------------------------
     0 | D:1      | cheesebisquit the Hill Orc Fighter began the quest for the
                  | Orb.
     0 | D:1      | Reached XP level 1. HP: 19/19 MP: 1/1
    84 | D:1      | Reached skill level 3 in Axes
   137 | D:1      | Reached XP level 2. HP: 27/27 MP: 2/2
   235 | D:1      | Found a faded altar of an unknown god.
   371 | D:1      | Reached XP level 3. HP: 33/33 MP: 3/3
   566 | D:2      | Found a shimmering altar of Xom.
   723 | D:2      | Reached skill level 4 in Axes
   793 | D:2      | Reached XP level 4. HP: 36/40 MP: 4/4
  1452 | D:3      | Found a glowing drain.
  1466 | Sewer    | Entered a sewer
  1504 | Sewer    | Noticed Pargi
  1512 | Sewer    | Killed Pargi
  1513 | Sewer    | Reached skill level 5 in Axes
  1513 | Sewer    | Reached XP level 5. HP: 44/47 MP: 5/5
  1752 | D:3      | Reached XP level 6. HP: 53/53 MP: 6/6
  1974 | D:3      | Identified the +0 robe of Qazlal's Felicitations {rPois
                  | Int+3}
  2227 | D:3      | Quit the game

Illustrated notes

Levels and vault maps discovered:
D:1:      dpeg_arrival_rooms_a, layout_rooms, hellmonk_ecumenical_altar_lost_god
D:2:      layout_loops_corners, basic_altar, minmay_heptomino_h4
D:3:      minmay_evil_eye, layout_loops_ring, portal_sewer_entry_e

Skill      XL: |  1  2  3  4 |
---------------+-------------+-----
Axes           | 3 4 5 |  5.6
Fighting       | 4 |  4.8
Armour         | 4 |  4.3
Shields        | 4 |  4.3

Action                     |  1- 3 |  4- 6 || total
---------------------------+-------+-------++-------
  Melee: War axe           |   109 |   135 ||   244
    Use: Scroll            |       |     1 ||     1
         Potion            |       |     1 ||     1
 Armour: Chain mail        |    73 |   106 ||   179
  Dodge: Dodged            |    48 |    39 ||    87
  Block: Buckler           |    19 |    23 ||    42
